 Dungeon Crawl Stone Soup version 0.24-a0-358-g53aee78b01 (webtiles) character file.

Game seed: 5981946159031056196

26763 Gumption the Jinx (level 13, -2/75 HPs)
             Began as a Spriggan Enchanter on May 24, 2019.
             Was the Champion of Makhleb.
             Slain by an ice beast (4 damage)
             ... summoned by an ice statue
             ... in an ice cave on May 25, 2019.
             The game lasted 03:36:42 (25856 turns).

Gumption the Jinx (Spriggan Enchanter)             Turns: 25856, Time: 03:36:43

Health: -2/75      AC:  7    Str:  8    XL:     13   Next: 0%
Magic:  20/27      EV: 17    Int: 24    God:    Makhleb [******]
Gold:   784        SH:  2    Dex: 17    Spells: 18/30 levels left

rFire    . . .     SeeInvis +   (weapon currently unavailable)
rCold    + + .     Gourm    .   (shield currently unavailable)
rNeg     . . .     Faith    .   (armour currently unavailable)
rPois    +         Spirit   .   (helmet currently unavailable)
rElec    .         Reflect  +   (cloak currently unavailable)
rCorr    .         Harm     .   (gloves unavailable)
MR       +++..                  (boots unavailable)
Stlth    +++++.....             l - +2 amulet of reflection
HPRegen  0.22/turn              u - +3 ring of intelligence
MPRegen  0.20/turn              W - ring of Darkness {Fire MR+ Str+4}

@: ice-form
A: large, unfitting armour, see invisible, herbivore, slow metabolism 2
a: End Transformation, Minor Destruction, Lesser Servant of Makhleb, Major
Destruction, Greater Servant of Makhleb, Renounce Religion


You were in an ice cave.
You worshipped Makhleb.
Makhleb was exalted by your worship.
You were hungry.
You were a creature of crystalline ice.
You visited 3 branches of the dungeon, and saw 17 of its levels.
You also visited: Ice Cave.

You collected 902 gold pieces.
You spent 118 gold pieces at shops.

Inventory:

Hand Weapons
 a - the +2 dagger "Wurr" (melded) {flame, rF+ Int+4}
   (You found it on level 6 of the Dungeon)

   It has been specially enchanted to burn those struck by it, causing extra
   injury to most foes and up to half again as much damage against particularly
   susceptible opponents.
   It affects your intelligence (+4).
   It protects you from fire.
 b - a +0 hunting sling
Missiles
 g - 569 stones
 n - 47 poisoned darts (quivered)
 t - 33 sling bullets
Armour
 m - a scarf of repulsion
 J - the +1 buckler of the Tired Gods {+Fly rElec rCorr Stlth-}
   (You acquired it on level 11 of the Dungeon)

   It insulates you from electricity.
   It lets you fly.
   It provides partial protection from all sources of acid and corrosion.
   It makes you less stealthy.
 M - a +2 buckler (melded)
 Q - a +1 cloak of poison resistance (melded)
 T - +0 steam dragon scales (melded)
Magical Staves
 E - an uncursed staff of cold
 Y - an uncursed staff of fire
Jewellery
 c - an uncursed ring of protection from fire
 l - a +2 amulet of reflection (around neck)
 u - a +3 ring of intelligence (left front paw)
 v - an uncursed ring of resist corrosion
 G - a +3 ring of intelligence
 L - an uncursed amulet of guardian spirit {unknown}
 W - the ring of Darkness (right front paw) {Fire MR+ Str+4}
   (You found it on level 6 of the Dungeon)

   [ring of fire]

   It enhances your fire magic.
   It affects your strength (+4).
   It protects you from fire.
   It makes you vulnerable to cold.
   It affects your resistance to hostile enchantments.
Wands
 k - a wand of paralysis (4)
 o - a wand of digging (12)
 y - a wand of iceblast (7)
 A - a wand of acid (8)
 P - a wand of random effects (22)
 R - a wand of polymorph (10)
 S - a wand of flame (19)
Scrolls
 i - 2 scrolls of enchant weapon
 q - 3 scrolls of magic mapping
 x - 3 scrolls of remove curse
 B - 2 scrolls of teleportation
 C - 2 scrolls of identify
 D - a scroll of blinking
 H - 3 scrolls of fog
 U - 2 scrolls of silence
 X - 2 scrolls of enchant armour
Potions
 d - 4 potions of brilliance
 f - a potion of heal wounds
 h - a potion of lignification
 j - 2 potions of flight
 p - 4 potions of might
 r - 3 potions of haste
 w - 3 potions of curing
 z - 2 potions of ambrosia
 F - 2 potions of berserk rage
 I - a potion of mutation
 K - 3 potions of invisibility
 N - 2 potions of cancellation
 V - a potion of magic
Miscellaneous
 s - a phantom mirror
 O - a box of beasts
Comestibles
 e - 32 rations


   Skills:
 + Level 4.4 Fighting
 + Level 7.9 Short Blades
 + Level 11.0 Dodging
 + Level 12.0 Stealth
 * Level 4.6 Shields
 + Level 9.3 Spellcasting
 * Level 12.8 Hexes
 * Level 3.5 Transmutations
 - Level 5.0 Ice Magic
 + Level 7.0 Invocations


You had 18 spell levels left.
You knew the following spells:

 Your Spells              Type           Power        Failure   Level  Hunger
a - Ensorcelled Hibernat  Hex/Ice        ######       1%          2    None
b - Ice Form              Ice/Tmut       ####....     10%         4    ##.....
c - Confuse               Hex            ######..     1%          3    None
d - Tukima's Dance        Hex            ######..     1%          3    None

Your spell library contained the following spells:

 Spells                   Type           Power        Failure   Level  Hunger
 Beastly Appendage        Tmut           ####..       1%          1    None
 Corona                   Hex            ######.      1%          1    None
 Sticks to Snakes         Tmut           ####....     1%          2    None
 Dazzling Spray           Conj/Hex       #####.       1%          3    None
 Spider Form              Tmut/Pois      ###.......   9%          3    None
 Blade Hands              Tmut           ####......   36%         5    ####...


Dungeon Overview and Level Annotations

Branches:
Dungeon (11/15)            Temple (1/1) D:5            Lair (5/6) D:8
  Swamp (0/4) Lair:4          Orc (0/2) D:10
  Snake: Lair:2-4    Spider: Lair:2-4     Slime: Lair:5-6

Altars:
Ashenzari
Cheibriados
Dithmenos
Elyvilon
Fedhas
Gozag
Hepliaklqana
Kikubaaqudgha
Makhleb
Nemelex Xobeh
Okawaru
Qazlal
Ru
Sif Muna
Trog
Uskayaw
Vehumet
Wu Jian
Xom
Yredelemnul
Zin
The Shining One
Beogh

Shops:
D:8 *   D:9 %   D:11 *

Annotations:
D:8 exclusion: ice statue
Lair:1 exclusion: oklob plant
Lair:2 exclusion: oklob plant IceCv exclusion: 3 ice statues


Innate Abilities, Weirdness & Mutations

You are very small and have problems with some larger weapons.
You are too small for most types of armour.
You have supernaturally acute eyesight. (SInv)
You are a herbivore.
((You cover ground extremely quickly.))
You need to consume almost no food.


Message History

The ice beast barely misses you. The ice statue gestures at you.
The ice beast misses you.
The ice beast hits you but does no damage.
The ice beast closely misses you.
You hit the ice beast but do no damage.
The ice beast is almost dead.
The ice beast closely misses you.
The ice statue glitters chillingly in the dim dungeon light.
The ice beast hits the ice beast but does no damage.
The ice beast misses you. The ice beast barely misses you.
The ice beast misses you.
You hit the ice beast.
You kill the ice beast!
The ice beast hits the ice beast but does no damage.
The ice beast hits itself but does no damage.
The ice beast barely misses you. The ice beast hits you.
* * * LOW HITPOINT WARNING * * *
The ice beast freezes you. You resist.
You die...

###8###
##.....##
##.......##
#...○.....#
#....☼○○..#
#....☼☼○..#
#....○YYY.#
#8....YYY8#
#####(#####
#.......[.#
#.........#
#.........#
#.........#
#.........#
##.......##
##.....##


You could see 3 ice statues and 5 ice beasts.

Vanquished Creatures
  Snorg (Lair:3)
  A hydra (Lair:2)
  Harold (D:11)
  A tengu warrior (D:10)
  2 unseen horrors (D:11)
  2 deep elf magi (D:10)
  2 cyclopes
  2 ugly things
  2 black mambas
  4 spiny frogs
  The ghost of motoroller71 the Ducker, a novice GnGl (D:6)
  2 rime drakes
  4 komodo dragons
  3 trolls
  Prince Ribbit (D:9)
  4 blink frogs (Lair:2)
  A polar bear (Lair:2)
  3 hippogriffs
  Sigmund (D:6)
  A wraith (D:11)
  A wyvern (D:10)
  A yak (D:11)
  Eustachio (D:4)
  A hungry ghost (D:7)
  4 hogs (D:8)
  A human (D:8)
  3 steam dragons
  2 vampire mosquitoes (D:11)
  Edmund (D:6)
  13 water moccasins
  10 porcupines
  10 orc warriors
  A black bear (D:10)
  4 ogres
  9 ice beasts
  2 sky beasts
  2 eyes of draining
  28 wolves
  8 centaurs
  5 crocodiles
  15 bullfrogs
  A water moccasin skeleton (D:5)
  3 scorpions
  4 howler monkeys
  2 electric eels (D:7)
  4 crimson imps
  4 centaur zombies
  4 bullfrog zombies (D:5)
  2 jellies
  6 orc priests
  7 hounds
  12 orc wizards
  Jessica (D:2)
  7 centaur skeletons
  2 iguanas
  Natasha (thrice) (D:2)
  8 worker ants
  A bullfrog simulacrum (D:6)
  3 worker ant zombies
  Robin (D:3)
  3 gnolls (D:5)
  A howler monkey skeleton (D:6)
  6 adders
  A hound simulacrum (D:6)
  5 shadow imps
  15 white imps
  3 adder zombies
  2 worms
  8 dart slugs
  11 leopard geckos
  36 orcs
  9 bats
  4 giant cockroaches
  22 goblins
  5 hobgoblins
  13 jackals
  2 quokkas
  7 frilled lizards
  2 giant cockroach zombies (D:5)
  7 kobolds
  2 leopard gecko zombies (D:5)
  6 rats
406 creatures vanquished.

Vanquished Creatures (collateral kills)
  A hydra (D:10)
  A hippogriff (D:10)
  A black bear (D:10)
3 creatures vanquished.

Vanquished Creatures (others)
  3 fungi
  2 plants (D:8)
5 creatures vanquished.

Grand Total: 414 creatures vanquished

Notes
Turn   | Place    | Note
-------+----------+-------------------------------------------
     0 | D:1      | Gumption the Spriggan Enchanter began the quest for the
                  | Orb.
     0 | D:1      | Reached XP level 1. HP: 9/9 MP: 5/5
   281 | D:1      | Reached XP level 2. HP: 9/13 MP: 6/6
   285 | D:1      | Learned a level 2 spell: Ensorcelled Hibernation
   890 | D:1      | You fall into a shaft and drop 1 floor!
   922 | D:2      | Found a burning altar of Makhleb.
   930 | D:2      | Became a worshipper of Makhleb the Destroyer
  1403 | D:2      | Reached XP level 3. HP: 16/16 MP: 8/8
  1843 | D:2      | Reached skill level 5 in Stealth
  1880 | D:2      | Noticed Jessica
  1908 | D:2      | Reached XP level 4. HP: 20/21 MP: 2/10
  1913 | D:2      | Learned a level 3 spell: Confuse
  2038 | D:2      | Killed Jessica
  2143 | D:2      | Noticed Natasha
  2236 | D:2      | Killed Natasha
  2236 | D:2      | Reached skill level 5 in Hexes
  2528 | D:2      | Reached XP level 5. HP: 24/24 MP: 5/11
  2580 | D:2      | Learned a level 3 spell: Tukima's Dance
  3054 | D:3      | Reached * piety under Makhleb
  3702 | D:3      | Found a sparkling altar of Nemelex Xobeh.
  4328 | D:2      | Noticed Natasha
  4593 | D:2      | Killed Natasha
  4872 | D:2      | Found a burning altar of Makhleb.
  5266 | D:2      | Noticed Natasha
  5272 | D:2      | Killed Natasha
  5755 | D:3      | Noticed Robin
  5878 | D:3      | Reached XP level 6. HP: 28/28 MP: 3/13
  6559 | D:4      | Reached skill level 1 in Ice Magic
  6739 | D:4      | Reached skill level 1 in Invocations
  6825 | D:4      | Reached ** piety under Makhleb
  6825 | D:4      | Reached skill level 5 in Dodging
  6840 | D:4      | Noticed Eustachio
  7134 | D:4      | Reached XP level 7. HP: 32/32 MP: 11/14
  7380 | D:4      | Killed Eustachio
  7705 | D:5      | Entered Level 5 of the Dungeon
  7705 | D:5      | Found a staircase to the Ecumenical Temple.
  7736 | Temple   | Entered the Ecumenical Temple
  8409 | D:5      | Reached XP level 8. HP: 36/36 MP: 11/16
  8507 | D:5      | Upgraded the game from 0.24-a0-355-gbe4061de67 to
                  | 0.24-a0-358-g53aee78b01
  8625 | D:5      | Reached *** piety under Makhleb
  8790 | D:5      | Reached skill level 5 in Spellcasting
  9679 | D:6      | Found a runed translucent gate.
  9679 | D:6      | Found a runed translucent gate.
  9747 | D:6      | Found a runed translucent gate.
  9788 | D:6      | Noticed motoroller71's ghost (novice GnGl)
  9953 | D:6      | Noticed Edmund
  9963 | D:6      | Killed Edmund
 10078 | D:6      | Got a jewelled dagger
 10115 | D:6      | Paralysed by a crimson imp for 7 turns
 10122 | D:6      | HP: 1/36 [centaur skeleton (3)]
 10515 | D:6      | Noticed Sigmund
 10521 | D:6      | Killed Sigmund
 10561 | D:6      | Identified the cursed +2 dagger "Wurr" {flame, rF+ Int+4}
                  | (You found it on level 6 of the Dungeon)
 10609 | D:6      | Reached XP level 9. HP: 39/39 MP: 15/18
 11790 | D:7      | Reached **** piety under Makhleb
 12459 | D:8      | Found Udyac's General Store.
 12470 | D:8      | Bought a scroll of noise for 12 gold pieces
 12473 | D:8      | Bought a scroll of magic mapping for 42 gold pieces
 12586 | D:8      | Noticed an ice devil
 12591 | D:8      | Noticed an ice devil
 12600 | D:8      | Noticed an ice devil
 13079 | D:8      | Noticed an ice devil
 13085 | D:8      | Noticed an ice statue
 13162 | D:8      | Found a staircase to the Lair.
 13163 | D:8      | Noticed a komodo dragon
 13213 | D:8      | Killed a komodo dragon
 13241 | D:8      | Noticed an ice devil
 13500 | D:8      | Reached skill level 5 in Ice Magic
 13508 | D:8      | Reached XP level 10. HP: 44/44 MP: 12/20
 13602 | D:9      | Found a sparkling altar of Nemelex Xobeh.
 13821 | D:9      | Reached skill level 5 in Short Blades
 13838 | D:9      | Found Ankianig's Food Shop.
 14221 | D:9      | Noticed Prince Ribbit
 14302 | D:9      | Killed Prince Ribbit
 14375 | D:9      | Reached skill level 1 in Fighting
 14860 | D:9      | Reached skill level 10 in Hexes
 15115 | D:9      | Found a glowing golden altar of the Shining One.
 15206 | D:10     | Entered Level 10 of the Dungeon
 15811 | D:10     | Noticed a deep elf mage
 15811 | D:10     | Noticed a cyclops
 15811 | D:10     | Noticed a tengu warrior
 15848 | D:10     | Noticed an eight-headed hydra
 16514 | D:10     | Killed a cyclops
 16514 | D:10     | Reached skill level 5 in Invocations
 16618 | D:10     | Found a staircase to the Orcish Mines.
 16640 | D:10     | Reached skill level 10 in Stealth
 16923 | D:10     | Killed an eight-headed hydra
 17184 | D:10     | Killed a tengu warrior
 17184 | D:10     | Reached XP level 11. HP: 51/51 MP: 15/23
 17561 | D:10     | Found a roughly hewn altar of Beogh.
 17624 | D:10     | Noticed a deep elf mage
 17632 | D:10     | Killed a deep elf mage
 17788 | D:10     | Killed a deep elf mage
 17788 | D:10     | Reached skill level 1 in Shields
 17851 | D:10     | Identified 2 scrolls of acquirement
 17939 | D:11     | Noticed an unseen horror
 17944 | D:11     | Killed an unseen horror
 17955 | D:11     | Noticed Harold
 17973 | D:11     | Killed Harold
 18027 | D:11     | Got a jewelled buckler
 18038 | D:11     | Identified the +1 buckler of the Tired Gods {+Fly rElec
                  | rCorr Stlth-} (You acquired it on level 11 of the Dungeon)
 18105 | D:11     | Reached ***** piety under Makhleb
 18254 | D:11     | Found a shimmering altar of Xom.
 18533 | D:11     | Found Xoroelee's General Store.
 18541 | D:11     | Bought a scroll of identify for 32 gold pieces
 18541 | D:11     | Bought a scroll of identify for 32 gold pieces
 18684 | D:11     | Noticed an unseen horror
 18695 | D:11     | Noticed a brown ugly thing
 18852 | D:11     | Killed a brown ugly thing
 18963 | D:11     | Killed an unseen horror
 18963 | D:11     | Reached skill level 10 in Dodging
 19627 | D:3      | Killed Robin
 19727 | D:3      | Found a sparkling altar of Nemelex Xobeh.
 20244 | D:6      | Killed motoroller71's ghost
 20274 | D:6      | Got the ring of Darkness {Fire}
 20283 | D:6      | Identified the ring of Darkness {Fire MR+ Str+4} (You found
                  | it on level 6 of the Dungeon)
 20515 | Lair:1   | Entered Level 1 of the Lair of Beasts
 20610 | Lair:1   | Noticed an oklob plant
 20708 | Lair:1   | Found a radiant altar of Vehumet.
 20880 | Lair:1   | Reached XP level 12. HP: 56/56 MP: 17/25
 21586 | Lair:2   | Noticed a six-headed hydra
 21599 | Lair:2   | Killed a six-headed hydra
 22626 | Lair:2   | Learned a level 4 spell: Ice Form
 22704 | Lair:2   | Reached skill level 1 in Transmutations
 22716 | Lair:2   | Reached ****** piety under Makhleb
 23300 | Lair:3   | Noticed Snorg
 23316 | Lair:3   | Killed Snorg
 24199 | Lair:4   | Found a staircase to the Swamp.
 25192 | Lair:5   | Found a frozen archway.
 25365 | IceCv    | Entered an ice cave
 25707 | IceCv    | Reached XP level 13. HP: 48/63 MP: 22/27
 25856 | IceCv    | HP: 2/75 [ice beast[an ice statue] (5)]
 25856 | IceCv    | Slain by an ice beast

Levels and vault maps discovered:
D:1:      dpeg_arrival_boxorama, layout_loops_corners
D:2:      layout_loops_cross, first_ration, st_stairs_9, bloody_makhleb,
          uniq_jessica, uniq_natasha
D:3:      minmay_inner_zag, layout_basic, minmay_misc_feat_rugged,
          nemelex_lonely_heart_becter, uniq_robin
D:4:      layout_layer_cave, uniq_eustachio
D:5:      layout_basic, minmay_temple_entry_glass, serial_undead,
          serial_undead_a, serial_undead_f, serial_undead_d, serial_undead_a
D:6:      layout_loops_ring, gammafunk_ghost_icy, hangedman_decor_growths,
          grunt_ministairs_4, minmay_circle_x, uniq_sigmund, uniq_edmund
D:7:      kennysheep_slugbush, layout_basic
D:8:      cheibrodos_frozen_isle, layout_basic, david_lair_shrubbed,
          serial_shops, shop, grunt_livestock
D:9:      layout_cave_pods, nemelex_xobeh_ov_fountains_minmay, serial_shops,
          nicolae_shop_stone, tso_altar, uniq_prince_ribbit1
D:10:     minmay_the_grid_triangle_9x9_recursive_2_mashed
          [minmay_the_grid_triangle_9x9_prize_top_heavy,
          minmay_the_grid_triangle_9x9_pentomino_pain,
          minmay_the_grid_triangle_9x9_empty,
          minmay_the_grid_triangle_9x9_odd_lines], layout_loops_ring,
          minmay_orc_entry_temple_small
D:11:     minmay_clustersquares, layout_stronghold, serial_shops,
          nicolae_shop_statue_plus, solitary_fountain, tgw_xom, uniq_harold
Temple:   grunt_wide_crystal_templ
Lair:1:   layout_chaotic_city, basic_altar, minmay_lair_oklob_chamber
Lair:2:   layout_regular_city, nicolae_spider_entry_non_spiders,
          minmay_lair_oklob_items, st_stairs_13, grunt_forest_large_clearings,
          grunt_megastairs_4, serial_bayou_shore_b
Lair:3:   layout_chaotic_city, serial_bayou_lagoon_b, grunt_megastairs_3,
          uniq_snorg
Lair:4:   layout_long_grid, swamp_mist_pool
Lair:5:   layout_cave_pods, portal_ice_cave_entry_imps
IceCv:    ice_cave_statue_garden_chambered

Skill      XL: |  1  2  3  4  5  6  7  8  9 10 11 12 |
---------------+-------------------------------------+-----
Hexes          | 4 5 6 8 9 10 11 12 | 12.8
Spellcasting   | 3 4 5 6 7 8 9 |  9.3
Stealth        | 5 6 7 9 10 11 12 | 12.0
Dodging        | 4 5 6 7 9 10 11 | 11.0
Ice Magic      | 1 2 3 5 |  5.0
Invocations    | 1 2 3 4 5 6 7 |  7.0
Short Blades   | 2 3 4 6 7 |  7.9
Fighting       | 2 3 4 |  4.4
Shields        | 3 4 |  4.6
Transmutations | 3 |  3.5

Action                   |  1- 3 |  4- 6 |  7- 9 | 10-12 | 13-15 || total
-------------------------+-------+-------+-------+-------+-------++-------
Melee: Dagger            |    94 |   123 |   270 |   366 |       ||   853
       Unarmed           |       |       |       |   135 |    21 ||   156
Throw: Dart              |       |       |       |     5 |       ||     5
 Cast: Corona            |    16 |     1 |       |       |       ||    17
       Ensorcelled Hiber |     3 |    81 |    74 |   215 |       ||   373
       Confuse           |       |     6 |    36 |    62 |     3 ||   107
       Tukima's Dance    |       |       |     2 |       |       ||     2
       Ice Form          |       |       |       |     5 |     1 ||     6
Invok: Lesser Servant of |       |       |       |     3 |       ||     3
       Minor Destruction |       |       |       |     2 |       ||     2
  Use: Scroll            |       |     4 |     7 |    24 |       ||    35
       Potion            |       |       |     1 |       |     2 ||     3
 Stab: Sleeping          |    14 |    41 |    70 |   165 |       ||   290
       Confused          |       |     3 |    31 |    50 |     3 ||    87
       Distracted        |       |     1 |     1 |     2 |       ||     4
  Eat: Ration            |       |     3 |     4 |     5 |       ||    12
Armor: Robe              |     8 |     7 |     6 |     5 |       ||    26
       Steam dragon scal |       |       |       |    13 |       ||    13
       Skin              |       |       |       |    45 |    12 ||    57
Dodge: Dodged            |    85 |    94 |   155 |   344 |    42 ||   720
       Deflected         |       |     4 |     3 |     7 |       ||    14
Block: Other             |       |       |     2 |     7 |     4 ||    13
       Reflection        |       |       |     2 |     1 |       ||     3
       Buckler           |       |       |       |   101 |       ||   101

Table legend:
 A = Non-vault XP
 B = Vault XP
 C = Vault XP percentage of total XP
 D = Non-vault monster count
 E = Vault monster count
 F = Vault count percentage of total count
                 A         B        C        D         E       F
            +---------+---------+-------+---------+---------+-------
      Total |   21055 |   17179 |  44.9 |     266 |     143 |  35.0
            +---------+---------+-------+---------+---------+-------
        D:1 |      37 |       0 |   0.0 |      16 |       0 |   0.0
        D:2 |     116 |     115 |  49.8 |      20 |       5 |  20.0
        D:3 |     151 |      46 |  23.4 |      25 |      19 |  43.2
        D:4 |     445 |     196 |  30.6 |      16 |       1 |   5.9
        D:5 |     585 |     363 |  38.3 |      21 |      13 |  38.2
        D:6 |     597 |    1226 |  67.3 |      25 |      12 |  32.4
        D:7 |     676 |       8 |   1.2 |      12 |       2 |  14.3
        D:8 |     753 |    1327 |  63.8 |      18 |       6 |  25.0
        D:9 |    1676 |     300 |  15.2 |      27 |       1 |   3.6
       D:10 |    1875 |    4034 |  68.3 |      19 |      20 |  51.3
       D:11 |    2963 |    3307 |  52.7 |      16 |      13 |  44.8
     Lair:1 |    1561 |    1174 |  42.9 |      11 |      10 |  47.6
     Lair:2 |    5528 |    2469 |  30.9 |      21 |      21 |  50.0
     Lair:3 |    1279 |    1196 |  48.3 |       7 |       1 |  12.5
     Lair:4 |    2279 |       0 |   0.0 |       9 |       0 |   0.0
     Lair:5 |     534 |     121 |  18.5 |       3 |      12 |  80.0
      IceCv |       0 |    1297 | 100.0 |       0 |       7 | 100.0
            +---------+---------+-------+---------+---------+-------
